 Dungeon Crawl Stone Soup version 0.17.0-7-gfadd4cc (webtiles) character file.

69659 inmateoo the Brawler (level 15, 0/134 HPs)
             Began as a Ghoul Monk on Nov 8, 2015.
             Was a High Priest of Cheibriados.
             Slain by an orc (2 damage)
             ... while paralysed by an orc sorcerer
             ... on level 4 of the Orcish Mines.
             The game lasted 00:56:32 (20016 turns).

inmateoo the Brawler (Ghoul Monk)                  Turns: 20016, Time: 00:56:33

Health: 0/134      AC:  6    Str: 37    XL:     15   Next: 30%
Magic:  22/22      EV:  2    Int: 19    God:    Cheibriados [*****.]
Gold:   2457       SH:  0    Dex: 30    Spells: 2 memorised, 21 levels left

rFire  + . .     SeeInvis +       - Unarmed
rCold  + . .     Clarity  .     Z - +0 plate armour {rF+}
rNeg   + + +     SustAt   .     G - +0 buckler
rPois  ∞         Gourm    .     k - +0 helmet
rElec  .         Spirit   .     r - +0 cloak
rCorr  .         Warding  .     (no gloves)
rMut   .         Stasis   .     B - +0 pair of boots
MR     +....                    (no amulet)
Stlth  ..........               Q - ring of see invisible
                                m - +6 ring of strength

@: paralysed, corroded equipment, rotting, repel missiles, very slow, somewhat
resistant to hostile enchantments, extremely unstealthy
A: rotting body, claws 1, carnivore 3, cold resistance 1, negative energy
resistance 3, slow regeneration 1, torment resistance, unbreathing
a: Bend Time, Temporal Distortion, Slouch, Step From Time, Renounce Religion


You were on level 4 of the Orcish Mines.
You worshipped Cheibriados.
Cheibriados was extremely pleased with you.
You were not hungry.

You visited 5 branches of the dungeon, and saw 26 of its levels.
You also visited: Volcano.

You collected 2652 gold pieces.
You spent 195 gold pieces at shops.

Inventory:

Armour
 k - a +0 helmet (worn)
 r - a +0 cloak (worn)
 B - a +0 pair of boots (worn)
 G - a +0 buckler (worn)
 Z - a +0 plate armour of fire resistance (worn)
Jewellery
 m - a +6 ring of strength (left claw)
 o - a +5 ring of strength
 N - an uncursed ring of flight
 Q - a ring of see invisible (right claw)
 U - an uncursed ring of protection from fire {unknown}
Wands
 H - a wand of teleportation (0)
 S - a wand of draining (4)
Scrolls
 d - 4 scrolls of noise {unknown}
 e - 7 scrolls of magic mapping {unknown}
 j - 4 scrolls of recharging {unknown}
 l - 8 scrolls of blinking {unknown}
 p - 16 scrolls of identify {unknown}
 q - 5 scrolls of immolation {unknown}
 t - 4 scrolls of teleportation {unknown}
 u - 4 scrolls of fog {unknown}
 x - 4 scrolls of remove curse {unknown}
 y - 2 scrolls of amnesia {unknown}
 A - 3 scrolls of enchant armour {unknown}
 D - a scroll of torment {unknown}
 J - a scroll of silence {unknown}
 R - a scroll of holy word {unknown}
 V - 3 scrolls of random uselessness {unknown}
 W - a scroll of fear {unknown}
Potions
 a - 6 potions of curing
 c - 4 potions of flight {unknown}
 f - 6 potions of heal wounds {unknown}
 h - 5 potions of cancellation {unknown}
 i - 2 potions of haste {unknown}
 n - 2 potions of berserk rage {unknown}
 s - 2 potions of magic {unknown}
 v - a potion of degeneration {unknown}
 w - 2 potions of mutation {unknown}
 z - 4 potions of lignification {unknown}
 E - 3 potions of ambrosia {unknown}
 F - 3 potions of agility
 I - a potion of cure mutation {unknown}
 L - a potion of beneficial mutation {unknown}
 M - 2 potions of brilliance {unknown}
 P - 3 potions of might {unknown}
 T - a potion of poison {unknown}
 Y - a potion of resistance {unknown}
Books
 K - a book of the Tempests

   Spells                             Type                      Level
   a - Static Discharge               Conjuration/Air              3
   b - Lightning Bolt                 Conjuration/Air              5
   c - Fireball                       Conjuration/Fire             5
   d - Tornado                        Air                          9
   e - Shatter                        Earth                        9
 X - a Necronomicon

   Spells                             Type                      Level
   a - Haunt                          Necromancy/Summoning         7
   b - Borgnjor's Revivification      Necromancy                   8
   c - Death's Door                   Charms/Necromancy            8
   d - Necromutation                  Transmutation/Necromancy     8
Comestibles
 b - 13 meat rations
 g - 7 royal jellies
 C - 22 beef jerkies


   Skills:
 + Level 12.9 Fighting
 - Level 10.1 Armour
 + Level 6.7 Dodging
 - Level 2.1 Stealth
 - Level 5.2 Shields
 * Level 17.5 Unarmed Combat
 + Level 5.7 Spellcasting
 - Level 9.0 Invocations


You had 21 spell levels left.
You knew the following spells:

 Your Spells              Type           Power        Failure   Level  Hunger
a - Repel Missiles        Chrm/Air       #.....       89%         2    None
b - Blink                 Tloc           N/A          89%         2    None


Dungeon Overview and Level Annotations

Branches:
Dungeon (12/15)            Temple (1/1) D:4            Lair (8/8) D:11
 Shoals (1/4) Lair:4       Spider (0/4) Lair:4        Slime (0/6) Lair:8
    Orc (4/4) D:11
    Elf: Orc:3-4

Altars:
Ashenzari
Cheibriados
Dithmenos
Elyvilon
Fedhas
Gozag
Kikubaaqudgha
Makhleb
Okawaru
Qazlal
Ru
Sif Muna
Vehumet
Xom
Zin
The Shining One
Beogh

Shops:
D:7 (   D:9 =   D:10 (*=

Annotations:
Lair:2 exclusion: oklob plant


Innate Abilities, Weirdness & Mutations

Your body is rotting away.
You thrive on raw meat.
You are immune to poison.
You have sharp fingernails.
You are carnivorous and can eat meat at any time.
Your flesh is cold resistant.
You are immune to negative energy.
You regenerate slowly when monsters are visible.
You are immune to unholy pain and torment.
You can survive without breathing.


Message History

The rust devil hits you. The rust devil corrodes you! The orc hits you.
The orc sorcerer hits you but does no damage.
The ice devil hits you! The ice devil freezes you! You resist.
The rust devil hits you. The rust devil corrodes you!
The orc hits you but does no damage. The ice devil hits you!
* * * LOW HITPOINT WARNING * * *
The ice devil freezes you! You resist.
* * * LOW HITPOINT WARNING * * *
The orc sorcerer hits you but does no damage.
The rust devil barely misses you. The orc hits you but does no damage.
The orc sorcerer hits you with a dagger.
* * * LOW HITPOINT WARNING * * *
The ice devil hits you.
* * * LOW HITPOINT WARNING * * *
The ice devil freezes you! You resist.
* * * LOW HITPOINT WARNING * * *
The rust devil hits you!
* * * LOW HITPOINT WARNING * * *
The rust devil corrodes you! The orc hits you.
You die...

..[)...## #####.......
##.##...#####..#........
######....#.............
# ##................. #
##................ #
##............... #
###.##..........
###....o......
##).3@o......
##########.....4......
##.....))))............
##...###############....
#...##...... #...
#..##....... ..
#..#......## .
#/.#....).. #))#..o..#


You could see an ice devil, a rust devil, an orc sorcerer and an orc.

Vanquished Creatures
  The ghost of st0uf the Fighter, a journeyman DrTm of Cheibriados (Lair:8)
  Snorg (Orc:2)
  A merfolk impaler (Shoals:1)
  A fire dragon (Lair:8)
  Josephine (Lair:6)
  7 hydras
  A merfolk aquamancer (Shoals:1)
  4 death yaks
  An orc high priest (Orc:4)
  Nergalle (Lair:2)
  A hill giant (D:9)
  An ugly thing (D:11)
  5 orc sorcerers
  3 fauns (Shoals:1)
  A water nymph (Shoals:1)
  5 griffons
  2 sirens
  3 toenail golems (Volcano)
  9 elephants
  11 spiny frogs
  4 black mambas
  2 fire drakes
  8 komodo dragons
  A troll (Orc:2)
  6 merfolk (Shoals:1)
  8 polar bears (Lair:8)
  3 raiju (Lair:8)
  Prince Ribbit (Lair:2)
  15 blink frogs
  2 boulder beetles (Lair:7)
  2 water elementals (Shoals:1)
  A redback (Lair:4)
  50 yaks
  Grum (D:9)
  4 basilisks
  5 hippogriffs
  A hungry ghost (D:8)
  5 wraiths
  13 wargs
  7 humans
  25 wolves
  5 steam dragons (Lair:8)
  2 mottled dragons
  7 porcupines
  11 water moccasins
  A soldier ant (D:11)
  Duvessa (D:7)
  A sky beast (D:7)
  2 swamp drakes (Lair:8)
  2 hell hounds (Lair:8)
  3 phantoms
  3 ice beasts
  2 centaurs (D:8)
  5 ogres
  15 black bears
  26 orc warriors
  A big kobold (D:7)
  18 crocodiles
  16 giant frogs
  Dowan (D:7)
  The ghost of Britaniac the Skirmisher, a weakling NaFi (D:3)
  2 scorpions
  8 wights
  17 hounds
  5 crimson imps
  2 giant frog zombies
  7 jellies
  34 orc priests
  A centaur zombie (D:7)
  3 giant frog skeletons
  30 orc wizards
  A quasit (D:8)
  13 iguanas
  12 sheep
  9 worker ants
  A hound zombie (D:9)
  A hound skeleton (D:5)
  13 adders
  44 river rats
  3 shadow imps
  An ooze (Lair:8)
  An adder zombie (D:7)
  3 worms
  196 orcs
  10 bats
  9 giant cockroaches
  2 goblins
  6 hobgoblins
  19 jackals
  10 kobolds
  5 ball pythons
  A giant gecko (D:1)
  3 giant newts
  4 quokkas
  A quokka skeleton (D:7)
  A quokka zombie (D:6)
  7 rats
  5 fungi
  2 plants (Lair:8)
839 creatures vanquished.

Vanquished Creatures (others)
  21 fungi
  18 plants
39 creatures vanquished.

Grand Total: 878 creatures vanquished

Notes
Turn   | Place    | Note
--------------------------------------------------------------
     0 | D:1      | inmateoo the Ghoul Monk began the quest for the Orb.
     0 | D:1      | Reached XP level 1. HP: 19/19 MP: 0/0
   154 | D:1      | Reached XP level 2. HP: 21/26 MP: 1/1
   930 | D:1      | Reached XP level 3. HP: 4/28 MP: 2/2
   988 | D:2      | Reached skill level 5 in Unarmed Combat
  1081 | D:2      | Reached XP level 4. HP: 33/40 MP: 3/3
  1195 | D:2      | Found a blossoming altar of Fedhas.
  1576 | D:3      | Noticed Britaniac's ghost (weakling NaFi)
  1760 | D:3      | Killed Britaniac's ghost
  1760 | D:3      | Reached skill level 6 in Unarmed Combat
  1760 | D:3      | Reached XP level 5. HP: 26/46 MP: 4/4
  1999 | D:3      | Found a glowing golden altar of the Shining One.
  2461 | D:4      | Reached XP level 6. HP: 49/53 MP: 5/5
  2539 | D:4      | Noticed a black bear
  2545 | D:4      | Killed a black bear
  2761 | D:4      | Found a staircase to the Ecumenical Temple.
  2777 | Temple   | Entered the Ecumenical Temple
  2819 | Temple   | Became a worshipper of Cheibriados the Contemplative
  2819 | Temple   | Reached * piety under Cheibriados
  2819 | Temple   | Reached ** piety under Cheibriados
  2955 | D:4      | Reached skill level 7 in Unarmed Combat
  3005 | D:4      | Reached skill level 1 in Armour
  3005 | D:4      | Reached XP level 7. HP: 60/60 MP: 6/6
  3101 | D:4      | Noticed an ogre
  3107 | D:4      | Killed an ogre
  3107 | D:4      | Reached skill level 5 in Fighting
  3240 | D:5      | Entered Level 5 of the Dungeon
  3813 | D:6      | Reached skill level 8 in Unarmed Combat
  3813 | D:6      | Reached XP level 8. HP: 67/69 MP: 7/7
  3889 | D:6      | Reached *** piety under Cheibriados
  4097 | D:6      | Found an iron altar of Okawaru.
  4684 | D:7      | Noticed Duvessa
  4684 | D:7      | Noticed Dowan
  4927 | D:7      | Reached **** piety under Cheibriados
  4930 | D:7      | Reached skill level 9 in Unarmed Combat
  5010 | D:7      | Found Gus Vanko's Antique Weapon Shop.
  5196 | D:7      | Reached XP level 9. HP: 78/78 MP: 8/8
  5203 | D:7      | Reached skill level 5 in Armour
  5295 | D:7      | Killed Duvessa
  5298 | D:7      | Killed Dowan
  5298 | D:7      | Reached skill level 1 in Shields
  5298 | D:7      | Reached skill level 1 in Invocations
  5916 | D:8      | Reached ***** piety under Cheibriados
  5918 | D:8      | Reached skill level 10 in Unarmed Combat
  6080 | D:9      | Noticed a hill giant
  6089 | D:9      | Killed a hill giant
  6089 | D:9      | Reached XP level 10. HP: 65/86 MP: 11/11
  6182 | D:9      | Reached skill level 11 in Unarmed Combat
  6412 | D:9      | Noticed Grum
  6422 | D:9      | Killed Grum
  6715 | D:9      | Noticed Psyche
  6716 | D:9      | Noticed Psyche
  6716 | D:9      | Psyche changed into Psyche the giant frog
  6719 | D:9      | Killed Psyche the giant frog
  6834 | D:9      | Found Hiphass's Jewellery Shop.
  6846 | D:9      | Reached skill level 5 in Invocations
  6894 | D:9      | Bought an uncursed ring of see invisible for 195 gold pieces
  7264 | D:9      | Reached XP level 11. HP: 88/95 MP: 14/14
  7335 | D:10     | Entered Level 10 of the Dungeon
  7425 | D:10     | Found Jilack's Jewellery Shoppe.
  7506 | D:10     | Found Nessofepp's General Store.
  7655 | D:10     | Found Vuhaw's Antique Weapon Shop.
  8207 | D:11     | Reached skill level 12 in Unarmed Combat
  8232 | D:11     | Found a staircase to the Lair.
  8354 | D:11     | Got a polished large shield
  8370 | D:11     | Identified the -4 large shield "Ankit" {Str+2 SInv} (You found it on level 11 of the Dungeon)
  8552 | D:11     | Found a sacrificial altar of Ru.
  8581 | D:11     | Identified a -2 rod of shadows (12/12) (You found it on level 11 of the Dungeon)
  8917 | D:11     | Found a staircase to the Orcish Mines.
  9118 | Orc:1    | Entered Level 1 of the Orcish Mines
  9888 | Orc:2    | Reached ****** piety under Cheibriados
  9985 | Orc:2    | Reached skill level 5 in Shields
 10001 | Orc:2    | Noticed Snorg
 10011 | Orc:2    | Killed Snorg
 10847 | Orc:3    | Found a roughly hewn altar of Beogh.
 11018 | Lair:1   | Entered Level 1 of the Lair of Beasts
 11050 | Lair:1   | Reached skill level 13 in Unarmed Combat
 11050 | Lair:1   | Reached XP level 12. HP: 104/104 MP: 16/16
 11562 | Lair:1   | Reached skill level 10 in Fighting
 12157 | Lair:2   | Found a dark tunnel.
 12166 | Volcano  | Entered a volcano
 12487 | Lair:2   | Noticed Nergalle
 12515 | Lair:2   | Noticed a spectral orc warlord
 12518 | Lair:2   | Killed Nergalle
 12600 | Lair:2   | Noticed Prince Ribbit
 12609 | Lair:2   | Killed Prince Ribbit
 12804 | Lair:2   | Reached skill level 14 in Unarmed Combat
 13024 | Lair:2   | Learned a level 2 spell: Repel Missiles
 13027 | Lair:2   | Learned a level 2 spell: Blink
 13425 | Lair:3   | Noticed a four-headed hydra
 13433 | Lair:3   | Killed a four-headed hydra
 14044 | Lair:3   | Noticed a five-headed hydra
 14054 | Lair:3   | Killed a five-headed hydra
 14054 | Lair:3   | Reached XP level 13. HP: 78/114 MP: 18/18
 14160 | Lair:4   | Found a hole to the Spider Nest.
 14280 | Lair:4   | Found a staircase to the Shoals.
 15255 | Lair:5   | Reached skill level 15 in Unarmed Combat
 15508 | Lair:6   | Identified Jevvur's Handbook of the Oath (You found it on level 6 of the Lair of Beasts)
 15613 | Lair:6   | Noticed Josephine
 15615 | Lair:6   | Reached skill level 1 in Spellcasting
 15623 | Lair:6   | Killed Josephine
 16550 | Lair:8   | Entered Level 8 of the Lair of Beasts
 16575 | Lair:7   | Reached skill level 10 in Armour
 17022 | Lair:7   | Reached XP level 14. HP: 120/125 MP: 19/19
 17370 | Lair:7   | Reached skill level 16 in Unarmed Combat
 17527 | Lair:8   | Found a staircase to the Slime Pits.
 17718 | Lair:8   | Noticed st0uf's ghost (journeyman DrTm)
 17739 | Lair:8   | Killed st0uf's ghost
 17862 | Lair:8   | Reached skill level 5 in Dodging
 18478 | Lair:8   | Reached skill level 17 in Unarmed Combat
 18580 | Lair:8   | Reached skill level 5 in Spellcasting
 19157 | Shoals:1 | Entered Level 1 of the Shoals
 19177 | Shoals:1 | Reached XP level 15. HP: 92/133 MP: 21/21
 19627 | Orc:4    | Entered Level 4 of the Orcish Mines
 19976 | Orc:4    | Paralysed by an orc sorcerer for 2 turns
 20010 | Orc:4    | Paralysed by an orc sorcerer for 7 turns
 20016 | Orc:4    | HP: 2/134 [rust devil[an orc sorcerer] (8)]
 20016 | Orc:4    | Slain by an orc

Action                   |  1- 3 |  4- 6 |  7- 9 | 10-12 | 13-15 || total
-------------------------+-------+-------+-------+-------+-------++-------
Melee: Unarmed           |   101 |   128 |   315 |   761 |   989 ||  2294
 Cast: Repel Missiles    |       |       |       |       |     1 ||     1
Invok: Slouch            |       |       |       |     8 |     9 ||    17
Evoke: Wand              |       |       |       |     1 |     6 ||     7
       Rod               |       |       |       |     2 |       ||     2
 Stab: Sleeping          |     1 |       |       |       |       ||     1
       Distracted        |       |       |       |     1 |       ||     1
  Eat: Chunk             |    17 |    25 |    24 |    88 |   117 ||   271
